 Dungeon Crawl Stone Soup version 0.30-a0-1160-g6e42c06551 (webtiles) character file.

Game seed: 16337027950566239050

28 Malachi the Twirler (level 3, 32/32 HPs)
             Began as an Armataur Gladiator on Apr 27, 2023.
             Got out of the dungeon alive.
             The game lasted 00:01:00 (622 turns).

Malachi the Twirler (Armataur Gladiator)             Turns: 622, Time: 00:01:01

Health: 32/32      AC:  5    Str: 19    XL:     3   Next: 0%
Magic:  3/3        EV: 10    Int:  8    God:
Gold:   69         SH:  0    Dex: 13    Spells: 2/2 levels left

rFire   . . .        a - +0 quarterstaff
rCold   . . .        (shield currently unavailable)
rNeg    . . .        b - +0 leather armour
rPois   .            c - +0 helmet
rElec   .            (no cloak)
rCorr   .            (no gloves)
SInv    .            (no barding)
Will    .....        n - amulet of regeneration
Stlth   +            (no ring)
HPRegen 1.05/turn    (no ring)
MPRegen 0.08/turn

%: roll
@: no status effects
A: large, rugged brown scales 3, deformed body, armoured tail, roll, long
tongue, awkward tongue
a: no special abilities


You escaped.
You visited 1 branch of the dungeon, and saw 1 of its levels.

You collected 69 gold pieces.

Inventory:

Hand Weapons
 a - a +0 quarterstaff (weapon)
Missiles
 d - 3 throwing nets (quivered)
 e - a javelin
Armour
 b - a +0 leather armour (worn)
 c - a +0 helmet (worn)
Jewellery
 n - an amulet of regeneration (around neck)
Scrolls
 f - a scroll of enchant armour {unknown}
 h - 3 scrolls of identify {unknown}
 j - a scroll of enchant weapon {unknown}
 l - a scroll of poison {unknown}
 m - a scroll of fog {unknown}
 o - a scroll of immolation {unknown}
Potions
 g - a potion of flight {unknown}
 i - 2 potions of heal wounds {unknown}
 k - a potion of magic {unknown}


   Skills:
 + Level 2.5 Fighting
 + Level 3.2 Staves
 - Level 1.8 Throwing
 - Level 2.2 Dodging


You had 2 spell levels left.
You didn't know any spells.
Your spell library contained the following spells:

 Spells                   Type           Power      Damage    Failure   Level
 Ozocubu's Armour         Ice            0%         N/A       83%         3
 Ozocubu's Refrigeration  Ice            0%         4d7       100%        7


Dungeon Overview and Level Annotations

Branches:
Dungeon (1/15)

Altars:

Shops:
D:1 (


Innate Abilities, Weirdness & Mutations

You are completely covered in rugged brown scales. (AC +3, +7% HP)
Armour fits poorly on your strangely shaped body.
You have a long armoured tail.
You roll when moving toward enemies. (Rampage)
Your long tongue fully drains potion bottles. (2x potion effects)
Your tongue gives you trouble enunciating. (1.5x scroll delay)


Message History

No target in view!
No target in view!
No target in view!
No target in view!
No target in view!
No target in view!
No target in view!
No target in view!
No target in view!
No target in view!
Found a ring mail.
There is a stone staircase leading down here.
You open the door.
A ball python comes into view.
A ball python is nearby!
A ball python is nearby!
A ball python is nearby!
You closely miss the ball python. The ball python barely misses you.
The ball python bites you but does no damage.
You barely miss the ball python.
The ball python bites you but does no damage.
You barely miss the ball python.
The ball python bites you but does no damage.
You barely miss the ball python. The ball python bites you.
The ball python completely misses you.
You sock the ball python!
You kill the ball python!
You have reached level 3!
Your experience leads to an increase in your attributes!
Increase (S)trength, (I)ntelligence, or (D)exterity?
You feel agile. x2
There is a stone staircase leading down here.
You open the door.
There is an open door here.
There is a staircase leading out of the dungeon here.
Are you sure you want to leave the Dungeon?
This will make you lose the game!
Alright, then stay!
Unknown command.
Are you sure you want to leave the Dungeon?
This will make you lose the game!
You have escaped!

'......# #####.##########.# #.#
######.# #.............##.# #.# #
#.# #.............##.# #†# # #.#
#..######'##..##.# #.# #
#.###..#.......#..##.# #.# #
#......#.......'..##.#####..
######.###..#.......#..##........
.......# #..#.......#..##.#######
.......# #..#...@...#..##........
.......# #..#.......#..##.#######
.......# #..+.......#.....# #
.......# #..#.......#..##.# #
....)..###..##'######..##.# #
#..###..##.............##.# #
##.####.##.............##.#######
#....#.##########.######........
#####...##########.######.#######


There were no monsters in sight!

Vanquished Creatures
  2 dart slugs (D:1)
  3 ball pythons (D:1)
  2 endoplasms (D:1)
  A giant cockroach (D:1)
  2 goblins (D:1)
  2 hobgoblins (D:1)
  2 quokkas (D:1)
  2 bats (D:1)
  2 frilled lizards (D:1)
  2 kobolds (D:1)
  3 rats (D:1)
23 creatures vanquished.

Notes
Turn   | Place    | Note
-------+----------+-------------------------------------------
     0 | D:1      | Malachi the Armataur Gladiator began the quest for the Orb.
     0 | D:1      | Reached XP level 1. HP: 18/18 MP: 1/1
    99 | D:1      | Reached XP level 2. HP: 25/25 MP: 2/2
   116 | D:1      | Reached skill level 3 in Staves
   362 | D:1      | Found Dopt's Antique Weapon Emporium.
   585 | D:1      | Reached XP level 3. HP: 31/32 MP: 3/3
   622 | D:$      | Got out of the dungeon alive.

Illustrated notes

Levels and vault maps discovered:
D:1:      lemuel_arrival_room, layout_basic, serial_shops,
          nicolae_shop_temple_entry_statues_fountains,
          shapermc_ecumenical_altar_venn, chequers_serial_rivers_marsh,
          grunt_decor_arrowhead

Skill      XL: |  1  2 |
---------------+-------+-----
Fighting       | 2 |  2.5
Staves         | 3 |  3.2
Throwing       | |  1.8
Dodging        | |  2.2

Action                     || total
---------------------------++-------
  Melee: Quarterstaff      ||    53
         Tailslap          ||     7
 Armour: Leather armour    ||    17
  Dodge: Dodged            ||    23

Table legend: (Time is in decaauts)
 A = Elapsed time spent in this place.
 B = Non-inter-level travel time spent in this place.
 C = Inter-level travel time spent in this place.
 D = Time resting spent in this place.
 E = Time spent auto-exploring this place.
 F = Levels seen in this place.
 G = Mean time per level.
                   A        B        C        D        E       F      G
               +--------+--------+--------+--------+--------+-----+--------+
         Total |    629 |    593 |     36 |      0 |    454 |   1 |  629.0 |
       Dungeon |    629 |    593 |     36 |      0 |    454 |   1 |  629.0 |
               +--------+--------+--------+--------+--------+-----+--------+

Top non-repeatable levels by time:
     D:1: 629 daAuts
